 Dungeon Crawl Stone Soup version 0.30-a0-743-gbfdf073431 (webtiles) character file.

Game seed: 2534922563678807120

8620 Majang the Thaumaturge (level 11, -15/64 HPs)
             Began as a Gargoyle Earth Elementalist on Feb 5, 2023.
             Was a Priest of Vehumet.
             Killed from afar by an efreet (22 damage)
             ... with a fireball
             ... on level 9 of the Dungeon.
             The game lasted 00:37:19 (9805 turns).

Majang the Thaumaturge (GrEE)                       Turns: 9805, Time: 00:37:19

Health: -15/64     AC: 13    Str: 12    XL:     11   Next: 33%
Magic:  6/24       EV: 12    Int: 20    God:    Vehumet [***...]
Gold:   809        SH:  0    Dex: 10    Spells: 18/28 levels left

rFire   . . .      SeeInvis .    m - +5 quarterstaff (chaos)
rCold   . . .      Faith    .    (shield currently unavailable)
rNeg    + . .      Spirit   .    w - +1 leather armour {Will+}
rPois   ∞          Reflect  .    (no helmet)
rElec   +          Harm     .    p - +0 cloak
rCorr   .          Rampage  .    (no gloves)
Will    +....                    (no boots)
Stlth   ++                       (no amulet)
HPRegen 0.30/turn                (no ring)
MPRegen 0.19/turn                (no ring)

@: no status effects
A: sickness immunity, AC +8, negative energy resistance 1, electricity
resistance, torment resistance 1, petrification resistance
a: Renounce Religion


You were on level 9 of the Dungeon.
You worshipped Vehumet.
Vehumet was most pleased with you.
You visited 2 branches of the dungeon, and saw 10 of its levels.
You also visited: Sewer and Ossuary.

You collected 809 gold pieces.

Inventory:

Hand Weapons
 m - a +5 quarterstaff of chaos (weapon)
 u - a +2 flail of protection
 y - a +3 flail
Armour
 p - a +0 cloak (worn)
 t - a +0 buckler
 w - a +1 leather armour of willpower (worn)
Jewellery
 c - an amulet of guardian spirit
 l - a ring of resist corrosion
Wands
 g - a wand of paralysis (1)
 s - a wand of digging (3)
 v - a wand of roots (2)
 x - a wand of quicksilver (10)
 B - a wand of flame (12)
Scrolls
 a - a scroll of identify
 f - 6 scrolls of teleportation
 h - a scroll of enchant weapon
 k - a scroll of fog
 q - 6 scrolls of blinking
 z - 2 scrolls of magic mapping
Potions
 b - a potion of magic
 d - 2 potions of mutation
 e - 3 potions of attraction
 i - 4 potions of brilliance
 j - 3 potions of invisibility {unknown}
 n - 2 potions of might
 o - 3 potions of lignification
 r - a potion of curing
 A - 2 potions of heal wounds {unknown}


   Skills:
 + Level 5.9 Fighting
 + Level 4.3 Staves
 + Level 4.8 Dodging
 - Level 2.1 Stealth
 * Level 9.0 Spellcasting
 + Level 6.9 Conjurations
 - Level 0.7 Transmutations
 * Level 4.1 Fire Magic
 + Level 8.8 Earth Magic
 + Level 4.2 Evocations


You had 18 spell levels left.
You knew the following spells:

 Your Spells              Type           Power      Damage    Failure   Level
a - Sandblast             Erth           88%        2d18      1%          1
b - Stone Arrow           Conj/Erth      80%        3d12      1%          3
c - Mephitic Cloud        Conj/Pois/Air  18%        N/A       3%          3
k - Kindle Blastsparks    Fire/Tloc/Air  28%        2d12      4%          3

Your spell library contained the following spells:

 Spells                   Type           Power      Damage    Failure   Level
 Passwall                 Tmut/Erth      23%        N/A       1%          2
 Poisonous Vapours        Pois/Air       18%        N/A       4%          2
 Beastly Appendage        Tmut           22%        N/A       8%          1
 Sting                    Tmut/Pois      40%        1d5       9%          1
 Slow                     Hex            36%        N/A       10%         1
 Wereblood                Tmut           11%        N/A       11%         2
 Lesser Beckoning         Tloc           18%        N/A       14%         2
 Petrify                  Tmut/Erth      28%        N/A       14%         4
 Irradiate                Conj/Tmut      12%        3d15      16%         5
 Olgreb's Toxic Radiance  Pois           9%         N/A       24%         4
 Spider Form              Tmut/Pois      10%        N/A       26%         3
 Confusing Touch          Hex            9%         N/A       28%         3
 Gell's Gravitas          Tloc           9%         N/A       28%         3
 Teleport Other           Tloc           9%         N/A       28%         3
 Vampiric Draining        Necr           9%         2d6       28%         3
 Sublimation of Blood     Necr           Unusable   N/A       N/A         2

Dungeon Overview and Level Annotations

Branches:
Dungeon (9/15)             Temple (1/1) D:7           Sewer (visited)
Ossuary (visited)
   Lair: D:8-11         Orc: D:9-12

Altars:
Ashenzari
Cheibriados
Dithmenos
Elyvilon
Fedhas
Gozag
Hepliaklqana
Kikubaaqudgha
Makhleb
Nemelex Xobeh
Okawaru
Qazlal
Ru
Sif Muna
Trog
Vehumet
Wu Jian
Xom
Yredelemnul
Zin
The Shining One


Innate Abilities, Weirdness & Mutations

You are immune to sickness and miasma.
Your stone body is resilient. (AC +8)
You are immune to poison.
You resist negative energy. (rN+)
You are resistant to electric shocks. (rElec)
You are resistant to unholy torment.
You are immune to petrification.


Message History

Lightning courses through the boulder beetle!
You kill the boulder beetle!
Vehumet accepts your kill.
You feel your power returning.
The centaur warrior shoots an arrow.
The arrow hits you but does no damage.
Casting: Mephitic Cloud (dangerous; 3% risk of failure)
Confirm with . or Enter, or press ? or * to list all spells.
Aiming: Mephitic Cloud (dangerous; 3% risk of failure)
Press: ? - help, Shift-Dir - straight line, f/p - centaur warrior
Aim: a centaur warrior, wielding a +0 longbow (severely wounded, strong, chance to affect: 53%)
The ball explodes into a vile cloud!
The stinking cloud engulfs the centaur warrior but does no damage.
The centaur warrior is severely wounded.
The centaur warrior is engulfed in noxious fumes.
The centaur warrior shoots an arrow.
The arrow closely misses you.
The centaur warrior is engulfed in noxious fumes.
The centaur warrior shoots an arrow.
The arrow barely misses you.
The blast of sand hits the centaur warrior!
The centaur warrior is almost dead.
The centaur warrior is engulfed in noxious fumes.
The centaur warrior shoots an arrow.
The arrow hits you!!
The centaur warrior is engulfed in noxious fumes.
The centaur warrior shoots an arrow.
The arrow hits you!!
* * * LOW HITPOINT WARNING * * *
Casting: Sandblast (safe; 1% risk of failure)
Confirm with . or Enter, or press ? or * to list all spells.
Aiming: Sandblast (safe; 1% risk of failure)
Press: ? - help, Shift-Dir - straight line, f/p - centaur warrior
Aim: a centaur warrior, wielding a +0 longbow (noxious fumes, almost dead, strong, 89% to hit)
The blast of sand hits the centaur warrior!
You kill the centaur warrior!
Vehumet accepts your kill.
You feel your power returning.
Your Spellcasting skill increases to level 9!
Your Fire Magic skill increases to level 4!
You start resting.
An efreet comes into view.
It is wielding a +1 scimitar of flaming.
The efreet gestures at you.
The fireball explodes!
The fireball engulfs you!!
You die...

#####......#########...........
#....c....#####...'...........
#..........R.##.###...........
#.........##)##.# #...........
#.........##÷##.# #...........
############)##.# #...........
#.##.# #........... #.##.#
#........... #.@..#
#.....)..... ######
######'##### #.# #.# #.# #.#
#.# #.##### #......


You could see an efreet.

Vanquished Creatures
  2 centaur warriors (D:9)
  2 boulder beetles
  A two-headed ogre (D:9)
  A deep elf pyromancer (D:9)
  2 hornets
  A shadow (D:9)
  2 wyverns (D:9)
  An acid dragon (D:9)
  4 water moccasins
  A black bear (D:6)
  2 orc warriors (D:8)
  3 sky beasts (D:7)
  A tengu (shapeshifter) (D:9)
  3 ogres
  2 centaurs (D:9)
  4 phantoms
  5 bullfrogs
  A gnoll sergeant (D:9)
  3 scorpions
  4 wights
  6 howler monkeys
  9 crimson imps
  8 centaur zombies (Ossuary)
  4 hounds
  2 orc priests (D:8)
  A jelly (D:8)
  Crazy Yiuf (D:5)
  A gnoll bouda (D:4)
  Jessica (D:3)
  2 iguanas
  5 orc wizards
  6 mummies (Ossuary)
  18 gnolls
  14 adders
  2 shadow imps
  4 white imps
  An ufetubus (D:6)
  2 dart slugs
  20 orcs
  13 ball pythons
  5 bats
  3 bat zombies (D:6)
  21 endoplasms
  13 giant cockroaches
  11 goblins
  4 hobgoblins
  5 jackals
  17 quokkas
  10 frilled lizards
  2 hobgoblin zombies (Ossuary)
  2 rats
  A rat zombie (D:6)
259 creatures vanquished.

Vanquished Creatures (others)
  4 plants (D:4)
4 creatures vanquished.

Grand Total: 263 creatures vanquished

Notes
Turn   | Place    | Note
-------+----------+-------------------------------------------
     0 | D:1      | Majang the Gargoyle Earth Elementalist began the quest for
                  | the Orb.
     0 | D:1      | Reached XP level 1. HP: 10/10 MP: 3/3
   204 | D:1      | Reached XP level 2. HP: 15/15 MP: 3/5
   987 | D:1      | Reached XP level 3. HP: 19/19 MP: 5/7
  1302 | D:2      | Reached skill level 3 in Spellcasting
  1471 | D:2      | Found a faded altar of an unknown god.
  1791 | D:3      | Found a snail-covered altar of Cheibriados.
  1920 | D:3      | Noticed Jessica
  1925 | D:3      | Killed Jessica
  1926 | D:3      | Reached XP level 4. HP: 24/24 MP: 5/9
  2245 | D:3      | Reached skill level 4 in Spellcasting
  2245 | D:3      | Reached XP level 5. HP: 28/28 MP: 6/11
  2484 | D:3      | You fall into a shaft and drop 1 floor!
  2517 | D:4      | Reached skill level 5 in Earth Magic
  2641 | D:4      | Reached XP level 6. HP: 23/32 MP: 5/13
  2700 | D:4      | Reached skill level 5 in Spellcasting
  2745 | D:4      | Found a glowing drain.
  2798 | Sewer    | Entered a sewer
  2908 | Sewer    | Learned a level 3 spell: Stone Arrow
  3250 | Sewer    | Reached XP level 7. HP: 37/37 MP: 13/15
  3309 | Sewer    | Reached skill level 1 in Fighting
  3309 | Sewer    | Reached skill level 1 in Conjurations
  3689 | D:4      | Found a glowing golden altar of the Shining One.
  3698 | D:4      | Found a blossoming altar of Fedhas.
  3773 | D:4      | Found a radiant altar of Vehumet.
  3782 | D:4      | Became a worshipper of Vehumet
  4048 | D:4      | Found an opulent altar of Gozag.
  4059 | D:4      | Found an iron altar of Okawaru.
  4475 | D:5      | Entered Level 5 of the Dungeon
  4580 | D:5      | Reached skill level 6 in Spellcasting
  4587 | D:5      | Reached XP level 8. HP: 24/45 MP: 5/17
  4784 | D:5      | Noticed a hornet
  4792 | D:5      | Killed a hornet
  4793 | D:5      | Reached skill level 1 in Evocations
  4872 | D:5      | Found a basalt altar of Yredelemnul.
  4938 | D:5      | Noticed a troll
  5044 | D:5      | Found a runed translucent door.
  5045 | D:5      | Noticed Crazy Yiuf
  5050 | D:5      | Killed Crazy Yiuf
  5199 | D:6      | Found a white marble altar of Elyvilon.
  5202 | D:6      | Reached * piety under Vehumet
  5202 | D:6      | Offered knowledge of Magic Dart by Vehumet.
  5308 | D:6      | Found an ancient bone altar of Kikubaaqudgha.
  5446 | D:6      | Reached skill level 1 in Staves
  5446 | D:6      | Reached skill level 7 in Spellcasting
  5446 | D:6      | Reached XP level 9. HP: 44/51 MP: 16/19
  5868 | D:7      | Found a staircase to the Ecumenical Temple.
  5875 | Temple   | Entered the Ecumenical Temple
  6348 | D:7      | Reached ** piety under Vehumet
  6348 | D:7      | Offered knowledge of Momentum Strike by Vehumet.
  6394 | D:7      | Found a stormy altar of Qazlal.
  6542 | D:7      | Reached skill level 5 in Conjurations
  6551 | D:7      | Noticed a boulder beetle
  6748 | D:7      | Killed a boulder beetle
  6749 | D:7      | Reached XP level 10. HP: 25/58 MP: 14/21
  7392 | D:8      | Found a sand-covered staircase.
  7398 | Ossuary  | Entered an ossuary
  7495 | Ossuary  | Reached skill level 8 in Spellcasting
  7509 | Ossuary  | Offered knowledge of Kindle Blastsparks by Vehumet.
  7514 | Ossuary  | Learned a level 3 spell: Kindle Blastsparks
  7806 | D:8      | Reached skill level 1 in Fire Magic
  7828 | D:8      | Reached skill level 5 in Fighting
  8158 | D:8      | Reached *** piety under Vehumet
  9106 | D:9      | Found a shimmering altar of Xom.
  9135 | D:9      | Offered knowledge of Mephitic Cloud by Vehumet.
  9140 | D:9      | Learned a level 3 spell: Mephitic Cloud
  9251 | D:9      | Found a glowing silver altar of Zin.
  9308 | D:9      | Noticed a boulder beetle
  9425 | D:9      | Noticed a centaur warrior
  9430 | D:9      | Killed a centaur warrior
  9448 | D:9      | Reached XP level 11. HP: 24/64 MP: 1/23
  9632 | D:9      | Noticed a two-headed ogre
  9638 | D:9      | Killed a two-headed ogre
  9749 | D:9      | Noticed a deep elf pyromancer
  9755 | D:9      | Killed a deep elf pyromancer
  9772 | D:9      | Noticed a centaur warrior
  9797 | D:9      | Killed a boulder beetle
  9800 | D:9      | Killed a centaur warrior
  9801 | D:9      | Reached skill level 9 in Spellcasting
  9805 | D:9      | Killed from afar by an efreet

Illustrated notes

Levels and vault maps discovered:
D:1:      enne_arrival_octagon_isle, layout_basic, hex_intersection,
          nrook_mini_vaults, minmay_tiny_reverse_x
D:2:      layout_rooms, shapermc_ecumenical_altar_starsandcircs,
          nicolae_figureground_pulse
D:3:      layout_loops_cross, overflow_temple_1_default, uniq_jessica
D:4:      layout_rooms, fiery_altar_vehumet, kennysheep_okawaru_gauntlet,
          grunt_temple_overflow_open, portal_sewer_entry_f, chequers_arboretum,
          glass_columns_c, nicolae_concentric_dashed_squares_wild,
          nicolae_grassy_gnolls
D:5:      layout_rooms, mainiacjoe_overflow_concentric_impassable,
          chequers_garden, uniq_crazy_yiuf_cottage
D:6:      layout_basic, lemuel_zombie_altar_kikubaaqudgha, elyvilon_altar_3,
          amcnicky_mini_pool_medium
D:7:      minmay_skewed_foursquare, layout_loops_ring,
          nicolae_qazlal_general_emergency,
          minmay_temple_entry_statues_fountains, minmay_crystal_room,
          kennysheep_big_empty_room
D:8:      layout_basic, nicolae_ossuary_entry_plus, minivault_25,
          minmay_nine_imps
D:9:      layout_basic, led_xom_imps, zin_treasury, minmay_evil_grid
Temple:   hellmonk_temple_beads

Skill      XL: |  1  2  3  4  5  6  7  8  9 10 11 |
---------------+----------------------------------+-----
Earth Magic    | 4 5 6 7 8 |  8.8
Spellcasting   | 3 4 5 6 7 8 9 |  9.0
Fighting       | 2 3 4 5 |  5.9
Conjurations   | 2 3 5 6 |  6.9
Dodging        | 2 3 4 |  4.8
Evocations     | 1 2 3 4 |  4.2
Staves         | 1 2 3 4 |  4.3
Fire Magic     | 3 4 |  4.1
Stealth        | |  2.1
Transmutations | |  0.7

Action                     |  1- 3 |  4- 6 |  7- 9 | 10-12 || total
---------------------------+-------+-------+-------+-------++-------
  Melee: Whip              |     5 |       |       |       ||     5
         Flail             |       |       |     3 |       ||     3
         Quarterstaff      |       |       |    17 |     7 ||    24
   Cast: Sandblast         |    51 |   102 |   155 |   124 ||   432
         Stone Arrow       |       |       |     9 |    25 ||    34
         Mephitic Cloud    |       |       |       |    11 ||    11
  Evoke: Wand              |       |       |    13 |     4 ||    17
    Use: Scroll            |       |       |    15 |     3 ||    18
   Stab: Paralysed         |       |       |    13 |       ||    13
         Confused          |       |       |       |     2 ||     2
 Armour: Robe              |     2 |    17 |    20 |       ||    39
         Leather armour    |       |       |    12 |    85 ||    97
  Dodge: Dodged            |    10 |    27 |    66 |   110 ||   213

Table legend: (Time is in decaauts)
 A = Elapsed time spent in this place.
 B = Non-inter-level travel time spent in this place.
 C = Inter-level travel time spent in this place.
 D = Time resting spent in this place.
 E = Time spent auto-exploring this place.
 F = Levels seen in this place.
 G = Mean time per level.
                   A        B        C        D        E       F      G
               +--------+--------+--------+--------+--------+-----+--------+
         Total |  10093 |   9798 |    295 |   2626 |   4543 |  12 |  841.1 |
       Dungeon |   9070 |   8775 |    295 |   2189 |   4543 |   9 | 1007.8 |
        Temple |    102 |    102 |      0 |      0 |      0 |   1 |  102.0 |
         Sewer |    681 |    681 |      0 |    319 |      0 |   1 |  681.0 |
       Ossuary |    239 |    239 |      0 |    118 |      0 |   1 |  239.0 |
               +--------+--------+--------+--------+--------+-----+--------+

Top non-repeatable levels by time:
     D:9: 1363 daAuts
     D:7: 1316 daAuts
     D:1: 1244 daAuts
     D:4: 1185 daAuts
     D:8: 1002 daAuts
     D:3: 990 daAuts
     D:6: 702 daAuts
   Sewer: 681 daAuts
     D:2: 644 daAuts
     D:5: 623 daAuts
 Ossuary: 239 daAuts
  Temple: 102 daAuts
